 Dungeon Crawl Stone Soup version 0.23-a0-389-g4a5eb33 (webtiles) character file.

18 iamserjio the Gusty (level 2, 0/15 HPs)
             Began as a Deep Elf Wanderer on Oct 29, 2018.
             Slain by a hobgoblin
             ... wielding a +0 club
              (4 damage)
             ... on level 1 of the Dungeon.
             The game lasted 00:03:09 (196 turns).

iamserjio the Gusty (Deep Elf Wanderer)              Turns: 196, Time: 00:03:10

Health: 0/15       AC:  2    Str: 12    XL:     2   Next: 48%
Magic:  0/7        EV: 11    Int: 15    God:
Gold:   0          SH:  0    Dex: 12    Spells: 3/5 levels left

rFire    . . .     SeeInvis .   c - +0 dagger
rCold    . . .     Gourm    .   (no shield)
rNeg     . . .     Faith    .   e - +0 robe
rPois    .         Spirit   .   (no helmet)
rElec    .         Reflect  .   (no cloak)
rCorr    .         Harm     .   (no gloves)
MR       .....                  (no boots)
Stlth    +.........             (no amulet)
HPRegen  0.05/turn              (no ring)
MPRegen  0.10/turn              (no ring)

@: very slightly contaminated
A: no striking features
a: no special abilities


You were on level 1 of the Dungeon.
You were not hungry.

You visited 1 branch of the dungeon, and saw 1 of its levels.

Inventory:

Hand Weapons
 b - a +2 blowgun
 c - a +0 dagger (weapon)
Armour
 e - a +0 robe (worn)
Scrolls
 d - a scroll of amnesia {unknown}
Comestibles
 f - a ration


   Skills:
 - Level 1.0 Throwing
 + Level 2.3 Spellcasting
 + Level 1.9 Conjurations
   Level 2.4 Necromancy
   Level 3.0 Air Magic
 + Level 0.1 Earth Magic
 - Level 2.1 Poison Magic
   Level 1.1 Evocations


You had 3 spell levels left.
You knew the following spells:

 Your Spells              Type           Power        Failure   Level  Hunger
a - Sandblast             Erth           #.....       21%         1    #......
b - Sting                 Conj/Pois      #...         10%         1    #......

Your spell library contained the following spells:

 Spells                   Type           Power        Failure   Level  Hunger
 Mephitic Cloud           Conj/Pois/Air  #.......     24%         3    ###....
 Stone Arrow              Conj/Erth      #.....       38%         3    ###....


Dungeon Overview and Level Annotations

Branches:
Dungeon (1/15)

Altars:


Message History

The sting hits the hobgoblin.
You kill the hobgoblin!
Wield which item (- for none, * to show all)? (? for menu, Esc to quit)
c - a +0 dagger (weapon)
The hobgoblin hits you with a +0 club.
* * * LOW HITPOINT WARNING * * *
Found a stone staircase leading down.
Found 15 gold pieces.
Casting: Sting (safe; 10% risk of failure)
Aiming: Sting (safe; 10% risk of failure)
Aim: a hobgoblin, wielding a +0 club The sting misses the hobgoblin.
The sting hits the kobold.
The kobold appears unharmed.
The hobgoblin closely misses you.
Casting: Sting (safe; 10% risk of failure)
Aiming: Sting (safe; 10% risk of failure)
Aim: a hobgoblin, wielding a +0 club You miscast Sting.
You are very lightly contaminated with residual magic.
Nothing appears to happen.
The hobgoblin hits you with a +0 club.
You die...

.#.)..# $...# ##......#.##.#
.#....# .....##++##.............
.#....# #.................. ...
.#....# #............##.####..
#....# #..##.###>#...........
#....# #..##.# ###...#.##....
#....# #..##K# #...#.####..
#....# #..##g#####.....K.K)..
.#....######..##@##........####(.
....................)............
....................)............
..............#.####.#.....###.g.
.###.#######....###.........##...
. #.# #..................... #.#
#..#####.........###.. #.
..........)........g...
##...#####.#)#...#.###..


You could see a hobgoblin and a kobold.

Vanquished Creatures
  A leopard gecko (D:1)
  A giant cockroach (D:1)
  5 hobgoblins (D:1)
  3 jackals (D:1)
  2 kobolds (D:1)
  A goblin (D:1)
13 creatures vanquished.

Notes
Turn   | Place    | Note
-------+----------+-------------------------------------------
     0 | D:1      | iamserjio the Deep Elf Wanderer began the quest for the
                  | Orb.
     0 | D:1      | iamserjio set off with the following items: 4 curare-tipped
                  | needles {!f}, a +2 blowgun, a +0 robe, a ration; and the
                  | following spells available to memorise: Sting, Sandblast,
                  | Mephitic Cloud, Stone Arrow
     0 | D:1      | Reached XP level 1. HP: 10/10 MP: 5/5
     2 | D:1      | Learned a level 1 spell: Sandblast
     4 | D:1      | Learned a level 1 spell: Sting
    74 | D:1      | Reached skill level 1 in Conjurations
   102 | D:1      | Reached XP level 2. HP: 15/15 MP: 0/7
   196 | D:1      | Slain by a hobgoblin

Vault maps used:
D:1:      denvon_arrival_planthouse

Skill      XL: |  1 |
---------------+----+-----
Conjurations   | 1 |  1.9
Spellcasting   | 2 |  2.3
Throwing       | |  1.0
Necromancy     | |  2.4
Air Magic      | |  3.0
Earth Magic    | |  0.1
Poison Magic   | |  2.1
Evocations     | |  1.1

Action                   || total
-------------------------++-------
Melee: Dagger            ||     8
 Fire: Blowgun           ||     9
 Cast: Sting             ||    14
       Sandblast         ||     1
Armor: Robe              ||     6
Dodge: Dodged            ||    21

Table legend:
 A = Non-vault XP
 B = Vault XP
 C = Vault XP percentage of total XP
 D = Non-vault monster count
 E = Vault monster count
 F = Vault count percentage of total count
                 A         B        C        D         E       F
            +---------+---------+-------+---------+---------+-------
      Total |      26 |       0 |   0.0 |      13 |       0 |   0.0
            +---------+---------+-------+---------+---------+-------
        D:1 |      26 |       0 |   0.0 |      13 |       0 |   0.0
            +---------+---------+-------+---------+---------+-------
